 Dungeon Crawl Stone Soup version 0.29.1-15-g9cfb28693d (webtiles) character file.

Game seed: 384713266857391857

13 Heoruswealwe the Digger (level 2, 13/13 HPs)
             Began as a Deep Elf Earth Elementalist on Mar 20, 2023.
             Was a Follower of Hepliaklqana.
             Got out of the dungeon alive.
             The game lasted 00:03:05 (166 turns).

Heoruswealwe the Digger (DEEE)                       Turns: 166, Time: 00:03:05

Health: 13/13      AC:  2    Str:  5    XL:     2   Next: 24%
Magic:  8/8        EV: 12    Int: 19    God:    Hepliaklqana [*.....]
Gold:   9          SH:  0    Dex: 15    Spells: 6/7 levels left

rFire   . . .      SeeInvis .   c - +0 dagger
rCold   . . .      Faith    .   (no shield)
rNeg    . . .      Spirit   .   a - +0 robe
rPois   .          Reflect  .   (no helmet)
rElec   .          Harm     .   (no cloak)
rCorr   .          Rampage  .   (no gloves)
Will    .....                   (no boots)
Stlth   ++........              (no amulet)
HPRegen 0.04/turn               (no ring)
MPRegen 0.11/turn               (no ring)

@: no status effects
A: reduced essence
a: Renounce Religion, Recall Ancestor, Ancestor Identity


You escaped.
You worshipped Hepliaklqana.
Hepliaklqana was aware of your devotion.
You visited 1 branch of the dungeon, and saw 1 of its levels.

You collected 9 gold pieces.

Inventory:

Hand Weapons
 c - a +0 dagger (weapon)
 e - a +0 war axe
Armour
 a - a +0 robe (worn)
Potions
 b - a potion of magic


   Skills:
 - Level 2.4 Dodging
 - Level 2.4 Stealth
 + Level 3.3 Spellcasting
 + Level 1.5 Transmutations
 * Level 3.7 Earth Magic


You had 6 spell levels left.
You knew the following spells:

 Your Spells              Type           Power      Damage    Failure   Level
a - Sandblast             Erth           34%        2d9       3%          1

Your spell library contained the following spells:

 Spells                   Type           Power      Damage    Failure   Level
 Passwall                 Tmut/Erth      10%        N/A       8%          2
 Stone Arrow              Conj/Erth      20%        3d8       21%         3
 Petrify                  Tmut/Erth      13%        N/A       45%         4


Dungeon Overview and Level Annotations

Branches:
Dungeon (1/15)

Altars:
Hepliaklqana


Message History

Found a hand axe.
Found a mace.
You see here a +0 hand axe.
d - a +0 hand axe You see here a +0 mace.
Found a dagger.
You see here a +0 dagger.
You open the door.
You see here a +0 dagger.
There is an open door here.
There is a staircase leading out of the dungeon here.
There is an open door here.
There is a stone staircase leading down here.
Found 3 curare-tipped darts.
Found a war axe.
Found a faded altar of an unknown god.
You see here 3 curare-tipped darts.
You see here a +0 war axe.
e - a +0 war axe You drop a +0 hand axe.
There is a faded altar of an unknown god here.
You cannot tell which god this altar belongs to.
Convert to them anyway?
Hepliaklqana accepts your prayer! Hepliaklqana welcomes you!
Hepliaklqana forms a fragment of your life essence into the memory of your ancestor, Kaya!
You can now recall your ancestor.
You can now remember your ancestor's identity.
A bat comes into view.
The blast of sand hits the bat!
You kill the bat!
Found a scroll labelled WIORPHASO GUMN.
Found a stone staircase leading down.
d - a scroll labelled WIORPHASO GUMN You now have 9 gold pieces.
Blink to where?
Press: ? - help, Dir - move target
As you read the scroll labelled WIORPHASO GUMN, it crumbles to dust.
It was a scroll of blinking.
There is a staircase leading out of the dungeon here.
Are you sure you want to leave the Dungeon?
This will make you lose the game!
You have escaped!

#.# #..##...#.... #.#
#..##.###.#.. #.#
#..##.##..#.. #.#
#..#..##..#.. ####)#
#.....#...... #....#
#.#..##......
#.#######....#.......
#)#...##.....#.....#.
#.'.@.R.#.##>#.....#.
###...#.#.##.#.....#
##'##.#.##.#....##
#......##.##...#
#########.##...##
#.###...# #.# #...##
#.###....# #.##....)#


You could see the friendly Kaya the ancestor.

Vanquished Creatures
  A dart slug (D:1)
  3 bats (D:1)
  A giant cockroach (D:1)
  A goblin (D:1)
  A hobgoblin (D:1)
  A kobold (D:1)
  2 rats (D:1)
10 creatures vanquished.

Notes
Turn   | Place    | Note
-------+----------+-------------------------------------------
     0 | D:1      | Heoruswealwe the Deep Elf Earth Elementalist began the
                  | quest for the Orb.
     0 | D:1      | Reached XP level 1. HP: 10/10 MP: 6/6
    49 | D:1      | Reached XP level 2. HP: 12/15 MP: 0/8
   108 | D:1      | Found a faded altar of an unknown god.
   124 | D:1      | Prayed at the altar of an unknown god.
   124 | D:1      | Became a worshipper of Hepliaklqana the Forgotten
   124 | D:1      | Reached * piety under Hepliaklqana
   166 | D:$      | Got out of the dungeon alive.

Illustrated notes

Levels and vault maps discovered:
D:1:      dpeg_arrival_tiny_g, layout_loops_ring,
          hellmonk_ecumenical_altar_zigzags, minmay_tromino_v2

Action                   || total
-------------------------++-------
Melee: Dagger            ||     2
 Cast: Sandblast         ||    11
  Use: Scroll            ||     1
Armor: Robe              ||     7
Dodge: Dodged            ||    10
